 Dungeon Crawl Stone Soup version 0.30.1-11-g7821555f0a (webtiles) character file.

Game seed: 8463306773963991587

189 Gumption the Gusty (level 5, -6/38 HPs)
             Began as a Draconian Air Elementalist on Nov 17, 2023.
             Mangled by Natasha (8 damage)
             ... on level 3 of the Dungeon on Nov 18, 2023.
             The game lasted 00:37:57 (5141 turns).

Gumption the Gusty (Draconian Air Elementalist)     Turns: 5141, Time: 00:37:57

Health: -6/38      AC:  5    Str: 10    XL:     5   Next: 40%
Magic:  7/9        EV: 12    Int: 17    God:
Gold:   91         SH:  0    Dex: 12    Spells: 3/9 levels left

rFire   . . .        a - +0 dagger (venom)
rCold   . . .        p - orb {guile}
rNeg    . . .        (body armour unavailable)
rPois   .            (helmet restricted)
rElec   .            (no cloak)
rCorr   .            (no gloves)
SInv    .            (no boots)
Will    .....        (no amulet)
Stlth   ++           (no ring)
HPRegen 0.26/turn    (no ring)
MPRegen 0.11/turn

%: no passive effects
@: no status effects
A: AC +5, unfitting armour, cold-blooded
a: no special abilities


You were on level 3 of the Dungeon.
You visited 1 branch of the dungeon, and saw 3 of its levels.

You collected 91 gold pieces.

Inventory:

Hand Weapons
 a - a +0 dagger of venom (weapon)
 i - a +0 dagger
 j - a +0 whip
 k - a +1 whip of venom
Missiles
 m - 2 datura-tipped darts (quivered)
Armour
 p - an orb of guile (worn)
Jewellery
 r - an amulet of guardian spirit
Wands
 e - a wand of charming (6)
Scrolls
 h - a scroll of teleportation {unknown}
 l - a scroll of magic mapping {unknown}
 o - a scroll of blinking {unknown}
Potions
 b - a potion of magic
 c - a potion of haste
 d - 2 potions of resistance
 f - 3 potions of might
 g - 4 potions of curing
 n - a potion of flight {unknown}
 q - a potion of ambrosia


   Skills:
 + Level 2.6 Dodging
 - Level 1.7 Stealth
 + Level 2.8 Spellcasting
 - Level 3.0 Conjurations
 * Level 4.3 Air Magic


You had 3 spell levels left.
You knew the following spells:

 Your Spells              Type           Power      Damage    Failure   Level
a - Shock                 Conj/Air       56%        1d6       4%          1
b - Static Discharge      Conj/Air       28%        2-4/arc   6%          2
c - Swiftness             Air            17%        N/A       9%          3

Your spell library contained the following spells:

 Spells                   Type           Power      Damage    Failure   Level
 Airstrike                Air            8%         2d(2-18)  30%         4


Dungeon Overview and Level Annotations

Branches:
Dungeon (3/15)

Altars:

Annotations:
D:1 exclusion: downstairs
D:2 1 runed translucent door, Crazy Yiuf
D:3 Natasha


Innate Abilities, Weirdness & Mutations

Your plain brown scales are hard. (AC +5)
You cannot fit into any form of body armour.
You are cold-blooded and may be slowed by cold attacks.


Message History

The cerulean imp hits you but does no damage.
Natasha claws you.
* * * LOW HITPOINT WARNING * * *
The cerulean imp hits you from afar with a +0 spear.
* * * LOW HITPOINT WARNING * * *
The cerulean imp hits you with a +1 spear.
* * * LOW HITPOINT WARNING * * *
Natasha completely misses you.
You barely miss Natasha.
Natasha is severely wounded.
The cerulean imp disappears in a puff of smoke!
The cerulean imp closely misses you.
Natasha drinks a potion.
Natasha is healed!
You barely miss Natasha.
Your tail-slap misses Natasha.
The cerulean imp closely misses you. Natasha barely misses you.
The cerulean imp hits you with a +1 spear.
* * * LOW HITPOINT WARNING * * *
Natasha barely misses you.
You hit Natasha but do no damage.
Natasha looks even sicker.
The cerulean imp disappears in a puff of smoke!
Natasha stares at you and mumbles some strange words.
The magic dart hits you.
* * * LOW HITPOINT WARNING * * *
You closely miss Natasha. You tail-slap Natasha.
Natasha is moderately wounded.
Natasha mumbles some strange words.
Natasha claws you.
* * * LOW HITPOINT WARNING * * *
Casting: Shock (safe; 4% risk of failure)
Confirm with . or Enter, or press ? or * to list all spells.
The cerulean imp is struck by an arc of lightning.
The cerulean imp resists.
The cerulean imp is lightly wounded.
You are struck by an arc of lightning.
* * * LOW HITPOINT WARNING * * *
The lightning grounds out.
You feel yourself speed up.
The cerulean imp hits you but does no damage.
Natasha claws you!
You die...

.##...# ######(..###.#####.###.##
....#.# #.................[......
....#.###.##########.#########.#.
....#.#...##########.#########.#.
....#>...........................
..#....#############.#########.#.
.#.....# ########..#.# #.#.
.......# #.....5.§.#.# #.#.
.......# #.#####@h.#.# #.#.
.......# #.# #§.§#.#####***#.#.
.......###.#####..........,,,..#.
................###'''###.,,,..#.
.......###.######≈,....≈#*****,*,
.......# #....#*,,,......#* *,*,
######## ######,,,,.§.....** *,*,
**** **,,,≈≈≈.≈≈≈).,***,#. ,,,*
**,,,≈≈,....≈≈.,,**,#.


You could see Natasha (very poisoned) and a cerulean imp (summoned).

Vanquished Creatures
  Terence (D:2)
  Natasha (twice) (D:3)
  Ijyb (D:3)
  3 adders (D:2)
  4 dart slugs
  An orc (D:3)
  5 ball pythons
  4 bats
  6 endoplasms
  A giant cockroach (D:2)
  8 goblins
  5 hobgoblins
  2 jackals (D:1)
  A quokka (D:2)
  A frilled lizard (D:2)
  5 kobolds (D:1)
  8 rats
58 creatures vanquished.

Notes
Turn   | Place    | Note
-------+----------+-------------------------------------------
     0 | D:1      | Gumption the Draconian Air Elementalist began the quest for
                  | the Orb.
     0 | D:1      | Reached XP level 1. HP: 14/14 MP: 3/3
   399 | D:1      | Reached XP level 2. HP: 20/20 MP: 5/5
   404 | D:1      | Learned a level 2 spell: Static Discharge
  1017 | D:1      | Reached XP level 3. HP: 26/26 MP: 6/6
  1266 | D:1      | Learned a level 3 spell: Swiftness
  1375 | D:2      | Noticed Terence
  1763 | D:2      | Found a runed translucent door.
  1764 | D:2      | Noticed Crazy Yiuf
  1899 | D:2      | Found a faded altar of an unknown god.
  2282 | D:2      | Identified the +1 trident of Subjectivity {distort, Will+
                  | Int+2}
  2375 | D:2      | Reached XP level 4. HP: 33/33 MP: 2/7
  2514 | D:2      | Killed Terence
  3082 | D:3      | Noticed Ijyb
  3099 | D:3      | Killed Ijyb
  3100 | D:3      | Reached skill level 4 in Air Magic
  3861 | D:3      | Noticed Natasha
  3884 | D:3      | Killed Natasha
  3885 | D:3      | Reached XP level 5. HP: 12/38 MP: 1/9
  4348 | D:3      | Noticed Natasha
  4358 | D:3      | Killed Natasha
  5118 | D:3      | Noticed Natasha
  5131 | D:3      | HP: 1/38 [Natasha (7)]
  5141 | D:3      | Mangled by Natasha

Illustrated notes

Levels and vault maps discovered:
D:1:      amcnicky_arrival_abandoned_market, layout_basic
D:2:      layout_loops_corners, shapermc_ecumenical_altar_mp_vishouse,
          uniq_terence, uniq_crazy_yiuf_cottage
D:3:      layout_basic, kennysheep_donut, hangedman_abyss_or_decor_lesser_grid,
          uniq_ijyb, uniq_natasha

Skill      XL: |  1  2  3  4 |
---------------+-------------+-----
Dodging        | 2 |  2.6
Conjurations   | 2 3 |  3.0
Air Magic      | 4 |  4.3
Stealth        | |  1.7
Spellcasting   | |  2.8

Action                     |  1- 3 |  4- 6 || total
---------------------------+-------+-------++-------
  Melee: Whip              |    16 |       ||    16
         Tailslap          |     4 |     2 ||     6
         Dagger            |    14 |    25 ||    39
  Throw: Dart              |       |     2 ||     2
   Cast: Shock             |    62 |    36 ||    98
         Swiftness         |     1 |       ||     1
         Static Discharge  |       |     1 ||     1
    Use: Scroll            |       |     5 ||     5
         Potion            |       |     1 ||     1
   Stab: Sleeping          |     2 |     3 ||     5
 Armour: Skin              |    14 |    15 ||    29
  Dodge: Dodged            |    26 |    45 ||    71
